Map: Hecate LE

Players

NightMare

  • Race: Protoss Protoss
  • Spawn Location: 1:00

herO - Winner!

  • Race: Protoss Protoss
  • Spawn Location: 7:00

Event: ESL SC2 Masters 2023 Winter (Finals)

VOD

Have the link to the VOD?

Description

Time

  • Played on: Dec. 15, 2023, 12:12 p.m.
  • Length: 9:41

All games in this series

Show
View Real Time Build Order
Export as new Build Order

NightMare Protoss 

Build Orders: Oracle Opening 

Get SALT Encoding   

  12  0:00  Probe  
  13  0:12  Probe  
  14  0:17  Pylon  
  14  0:24  Probe (Chrono Boost)  
  15  0:36  Gateway, Probe (Chrono Boost)  
  16  0:44  Probe (Chrono Boost)  
  16  0:47  Assimilator  
  17  0:51  Probe  
  17  0:54  Assimilator  
  18  1:03  Probe (Chrono Boost)  
  19  1:09  Gateway  
  19  1:13  Probe (Chrono Boost)  
  19  1:17  Probe (Chrono Boost)  
  20  1:25  Cybernetics Core  
  21  1:30  Probe  
  22  1:36  Pylon  
  22  1:42  Probe  
  23  2:05  Adept x2  
  23  2:06  Warp Gate  
  27  2:12  Stargate  
  27  2:23  Pylon  
  27  2:35  Stalker x2  
  31  2:55  Oracle (Chrono Boost)  
  34  3:17  Nexus  
  34  3:19  Pylon  
  34  3:28  Twilight Council  
  35  3:34  Probe  
  35  3:46  Gateway, Probe  
  32  4:00  Sentry x2  
  36  4:05  Shield Battery  
  36  4:06  Probe  
  37  4:15  Gateway  
  37  4:26  Stalker  
  37  4:29  Stalker  
  41  4:33  Probe x2  
  41  4:34  Blink (Chrono Boost)  
  43  4:45  Probe  
  43  4:47  Probe  
  45  4:59  Stalker  
  47  5:00  Stalker  
  47  5:02  Probe  
  47  5:04  Probe  
  51  5:10  Stalker  
  53  5:19  Probe x2, Stalker  
  57  5:25  Pylon  
  55  5:37  Stalker x2  
  59  5:46  Shield Battery  
  59  5:47  Pylon  
  59  5:49  Stalker  
  53  5:59  Stalker  
  53  6:03  Stalker  
  47  6:24  Stalker x2  
  51  6:28  Pylon  
  51  6:33  Stalker  
  53  7:02  Nexus  
  53  7:18  Probe (Chrono Boost)  
  54  7:28  Probe (Chrono Boost)  
  55  7:33  Probe (Chrono Boost)  
  52  7:45  Probe (Chrono Boost)  
  52  7:49  Pylon  
  52  7:50  Sentry x3  
  59  7:52  Robotics Facility  
  59  7:54  Probe (Chrono Boost)  
  60  7:59  Probe (Chrono Boost)  
  61  8:11  Probe  
  62  8:15  Probe  
  63  8:28  Sentry, Stalker x2  
  63  8:31  Assimilator, Shield Battery  
  67  8:39  Shield Battery  
  67  8:40  Pylon  
  67  8:42  Immortal (Chrono Boost)  
  71  8:52  Stalker  
  71  8:54  Probe x2  
  75  9:06  Probe  
  75  9:08  Stalker  
  75  9:13  Stalker  
  76  9:20  Stalker  
  66  9:35  Stalker  
Show
View Real Time Build Order
Export as new Build Order

herO Protoss - Winner!

Build Orders: Phoenix Opening 

Get SALT Encoding   

  12  0:00  Probe  
  13  0:12  Probe  
  14  0:16  Pylon  
  14  0:24  Probe (Chrono Boost)  
  16  0:36  Gateway, Probe (Chrono Boost)  
  16  0:42  Probe (Chrono Boost)  
  16  0:46  Assimilator  
  17  0:50  Probe  
  18  1:03  Probe (Chrono Boost)  
  19  1:04  Assimilator  
  19  1:07  Gateway  
  19  1:12  Probe (Chrono Boost)  
  19  1:17  Probe (Chrono Boost)  
  20  1:24  Cybernetics Core  
  21  1:29  Probe  
  22  1:36  Pylon  
  22  1:41  Probe  
  23  1:54  Probe  
  24  2:00  Warp Gate  
  26  2:02  Sentry (Chrono Boost)  
  26  2:07  Stalker (Chrono Boost)  
  26  2:08  Pylon  
  27  2:22  Sentry (Chrono Boost)  
  27  2:29  Phoenix  
  29  2:30  Stalker (Chrono Boost)  
  31  2:41  Nexus  
  31  2:46  Shield Battery  
  31  2:49  Sentry  
  34  3:01  Stalker  
  34  3:04  Shield Battery  
  35  3:10  Phoenix  
  36  3:15  Robotics Facility  
  36  3:18  Probe  
  36  3:30  Probe, Pylon  
  37  3:43  Probe  
  37  3:48  Stalker x2  
  41  4:00  Immortal (Chrono Boost)  
  46  4:15  Stalker  
  48  4:20  Stalker  
  48  4:29  Warp Prism (Chrono Boost)  
  50  4:49  Sentry x2  
  50  4:50  Probe x2  
  54  4:54  Shield Battery  
  54  5:09  Stalker  
  54  5:10  Stalker  
  58  5:17  Pylon  
  58  5:37  Adept x2  
  60  6:00  Stalker x2  
  64  6:16  Probe x2  
  66  6:25  Stalker x2  
  70  6:30  Twilight Council  
  70  6:31  Pylon  
  70  6:48  Pylon  
  70  6:49  Observer, Probe x2 (Chrono Boost)  
  73  6:55  Stalker  
  73  6:56  Stalker  
  73  6:59  Probe x2 (Chrono Boost)  
  77  7:04  Probe (Chrono Boost)  
  78  7:10  Probe  
  78  7:14  Blink (Chrono Boost)  
  80  7:15  Probe  
  80  7:24  Probe (Chrono Boost)  
  80  7:27  Probe (Chrono Boost)  
  82  7:34  Immortal (Chrono Boost)  
  82  7:40  Probe x2 (Chrono Boost)  
  84  7:46  Probe x2  
  84  7:48  Pylon  
  86  7:53  Gateway  
  86  8:08  Probe  
  86  8:11  Immortal (Chrono Boost)  
  89  8:14  Stalker  
  89  8:16  Stalker  
  93  8:21  Pylon  
  91  8:27  Probe x2  
  91  8:29  Assimilator  
  93  8:39  Gateway  
  93  8:43  Observer  
  93  8:46  Stalker x2  
  98  8:50  Stalker  
  100  8:56  Probe x2  
  100  8:59  Pylon  
  100  9:17  Stalker  
  100  9:18  Stalker x2  
Tags
 
Add a new tag
Caveats
  • Supply blocks, unpowered buildings, or Contaminate may cause inaccurate times.
  • Supply counts are checked every 10 seconds.